 Dungeon Crawl Stone Soup version 0.31-a0-231-g51bb95cda3 (webtiles) character file.

Game seed: 14640554021740666750

60 qw the Shooter (level 4, 0/26 HPs)
             Began as a Gargoyle Hexslinger on July 6, 2023.
             Killed from afar by an orc wizard (6 damage)
             ... with a puff of flame
             ... on level 3 of the Dungeon.
             The game lasted 00:00:34 (1668 turns).

qw the Shooter (Gargoyle Hexslinger)                Turns: 1668, Time: 00:00:35

Health: 0/26       AC: 10    Str: 11    XL:     4   Next: 4%
Magic:  5/5        EV: 10    Int: 17    God:
Gold:   64         SH:  0    Dex: 13    Spells: 4/5 levels left

rFire   . . .        b - +3 sling (heavy)
rCold   . . .        (no shield)
rNeg    + . .        l - +0 ring mail
rPois   inf          n - +2 hat
rElec   +            (no cloak)
rCorr   .            (no gloves)
SInv    .            (no boots)
Will    .....        (no amulet)
Stlth   +            (no ring)
HPRegen 0.24/turn    (no ring)
MPRegen 0.09/turn

%: no passive effects
@: no status effects
A: sickness immunity, AC +3, negative energy resistance 1, electricity
resistance, torment resistance 1, petrification resistance, claws 1, clever 1
a: no special abilities


You were on level 3 of the Dungeon.
You visited 1 branch of the dungeon, and saw 3 of its levels.

You collected 164 gold pieces.
You spent 100 gold pieces at shops.


Innate Abilities, Weirdness & Mutations

You are immune to sickness and miasma.
Your stone body is resilient. (AC +3)
You are immune to poison.
You resist negative energy. (rN+)
You are resistant to electric shocks. (rElec)
You are resistant to unholy torment.
You are immune to petrification.
You have sharp fingernails.
Your mind is acute. (Int +4, Str/Dex -1)


   Skills:
 - Level 2.0 Fighting
 + Level 3.9 Ranged Weapons
 - Level 1.5 Dodging
 - Level 1.0 Spellcasting
 - Level 2.6 Hexes


You had 4 spell levels left.
You knew the following spells:

 Your Spells              Type           Power      Damage    Failure   Level
a - Slow                  Hex            36%        N/A       17%         1

Your spell library contained the following spells:

 Spells                   Type           Power      Damage    Failure   Level
 Inner Flame              Hex/Fire       5%         N/A       65%         3
 Portal Projectile        Hex/Tloc       10%        N/A       65%         3
 Cause Fear               Hex            4%         N/A       86%         4

Inventory:

Hand Weapons
 b - a +3 heavy sling (weapon)
Armour
 l - a +0 ring mail (worn)
 n - a +2 hat (worn)
Scrolls
 g - a scroll of identify
Potions
 d - 3 potions of enlightenment
 h - a potion of cancellation {unknown}
 j - a potion of curing
 k - 2 potions of mutation
 m - a potion of haste {unknown}

Dungeon Overview and Level Annotations

Branches:
Dungeon (3/15)

Altars:

Shops:
D:2 !!:[


Message History

You shoot a sling bullet. The endoplasm quivers.
The sling bullet hits the goblin!
You kill the goblin!
You have reached level 4!
You feel stronger.
You shoot a sling bullet. The sling bullet hits the orc.
You kill the orc!
The orc wizard gestures at you while chanting.
The puff of flame hits you.
You shoot a sling bullet.
The sling bullet completely misses the orc wizard.
The orc wizard gestures at you while chanting.
The magic dart hits you! The endoplasm barely misses you.
You shoot a sling bullet.
The sling bullet closely misses the orc wizard.
The endoplasm barely misses you.
The orc wizard hits you but does no damage.
The orc wizard closely misses you.
The endoplasm hits you but does no damage.
You shoot a sling bullet. The sling bullet hits the orc wizard.
The orc wizard is lightly wounded.
The endoplasm hits you but does no damage.
The orc wizard gestures at you while chanting.
The magic dart hits you!
The orc wizard gestures at you while chanting.
You resist with some effort. The endoplasm freezes you.
You are frozen.
You shoot a sling bullet.
The sling bullet barely misses the orc wizard.
The endoplasm barely misses you.
The orc wizard hits you but does no damage.
You shoot a sling bullet. The sling bullet hits the orc wizard.
The orc wizard is heavily wounded.
The endoplasm misses you.
The orc wizard gestures at you while chanting.
You resist with some effort. The orc wizard casts a spell at you.
The puff of flame hits you.
You die...

.o..... o....>.
....... ...<... ## ##
.......
##.###.##.).....
........#.....$.
.###.##.oo...... #
......#@#....... ..
##.##..J######## .#
....#.#.#########.###
.##...#..............
..#.#.#.#.........##
#...#...#.....[....#
..#.#.#.#........<.#
.##...#............#
....#.#.#..........#


You could see an orc wizard, an orc and an endoplasm.

Vanquished Creatures
  2 adders
  A worm (D:2)
  2 orcs (D:3)
  2 ball pythons (D:2)
  3 bats
  4 endoplasms
  4 giant cockroaches
  4 goblins
  A hobgoblin (D:2)
  3 kobolds
  2 quokkas (D:1)
  3 frilled lizards
  2 rats (D:2)
33 creatures vanquished.

Notes
Turn   | Place    | Note
-------+----------+-------------------------------------------
     0 | D:1      | qw the Gargoyle Hexslinger began the quest for the Orb.
     0 | D:1      | Reached XP level 1. HP: 12/12 MP: 2/2
     0 | D:1      | 0 ||| qw: Version: 0.3-a-46-gb1f654a
     0 | D:1      | 0 ||| qw: Game counter: 1878
     0 | D:1      | 0 ||| qw: Melee chars always use a shield: true
     0 | D:1      | 0 ||| qw: God list: Okawaru
     0 | D:1      | 0 ||| qw: Allow faded altars: false
     0 | D:1      | 0 ||| qw: Do Orc after clearing Dungeon:15 true
     0 | D:1      | 0 ||| qw: Do second Lair branch before Depths: true
     0 | D:1      | 0 ||| qw: Lair rune preference: random
     0 | D:1      | 0 ||| qw: Goals: Normal
     0 | D:1      | 0 ||| PLANNING D:1-11
   143 | D:1      | Reached XP level 2. HP: 16/16 MP: 3/3
   356 | D:1      | Reached skill level 3 in Ranged Weapons
   451 | D:1      | 451 ||| UPGRADING to +0 ring mail.
   461 | D:1      | 461 ||| DROPPING +0 robe.
   462 | D:1      | 462 ||| UPGRADING to +2 hat.
   467 | D:1      | 467 ||| READING scroll labelled MONKU OPLUNISH.
   468 | D:1      | 468 ||| READING 2 scrolls labelled QUZXIZOVUR.
   469 | D:1      | 469 ||| READING scroll labelled ROPEUN MOIMO.
   470 | D:1      | 470 ||| DROPPING scroll of poison.
   585 | D:2      | Reached XP level 3. HP: 21/21 MP: 4/4
   700 | D:2      | Found Keaf's Distillery.
   708 | D:2      | 708 ||| BUYING 2 potions of enlightenment (100 gold).
   708 | D:2      | Bought 2 potions of enlightenment for 100 gold pieces
   708 | D:2      | 708 ||| SHOPLISTING potion of curing (30 gold, have 13).
   708 | D:2      | 708 ||| SHOPLISTING potion of haste (100 gold, have 13).
   708 | D:2      | 708 ||| SHOPLISTING potion of might (40 gold, have 13).
   713 | D:2      | Found Nakk's Distillery.
   724 | D:2      | 724 ||| SHOPLISTING 2 potions of curing (72 gold, have 13).
   724 | D:2      | 724 ||| SHOPLISTING potion of curing (36 gold, have 13).
   724 | D:2      | 724 ||| SHOPLISTING potion of haste (120 gold, have 13).
   724 | D:2      | 724 ||| SHOPLISTING potion of might (48 gold, have 13).
   944 | D:2      | Found Kotue's Book Shoppe.
  1475 | D:2      | Found Woijiyvi's Armour Boutique.
  1479 | D:2      | 1479 ||| SHOPLISTING +3 ring mail of fire resistance (364
                  | gold, have 64).
  1535 | D:2      | 1535 ||| READING scroll labelled ZUNTIAZIOFF.
  1536 | D:2      | 1536 ||| READING scroll labelled ASSEDO UCUC.
  1537 | D:2      | 1537 ||| READING scroll labelled ENOIGE GOVONO.
  1542 | D:2      | 1542 ||| READING scroll labelled CYALANL ENEI.
  1543 | D:2      | 1543 ||| DRINKING 3 sedimented clear potions.
  1570 | D:2      | 1570 ||| DRINKING 2 dark potions.
  1571 | D:2      | 1571 ||| DRINKING 3 glowing orange potions.
  1571 | D:2      | Gained mutation: You have a pair of small antennae on your
                  | head. [potion of mutation]
  1571 | D:2      | Gained mutation: Your mind is acute. (Int +4, Str/Dex -1)
                  | [potion of mutation]
  1571 | D:2      | Lost mutation: You have a pair of small antennae on your
                  | head. [potion of mutation]
  1571 | D:2      | Gained mutation: You have sharp fingernails. [potion of
                  | mutation]
  1572 | D:2      | 1572 ||| READING 2 scrolls of identify.
  1572 | D:2      | 1572 ||| IDENTIFYING bubbling black potion
  1573 | D:2      | 1573 ||| DROPPING potion of degeneration.
  1574 | D:2      | 1574 ||| DROPPING 2 potions of lignification.
  1647 | D:3      | 1647 ||| READING scroll of enchant weapon.
  1647 | D:3      | 1647 ||| ENCHANTING +2 heavy sling.
  1657 | D:3      | 1657 ||| Stepping ~*~*~tactically~*~*~ (outnumbered).
  1663 | D:3      | Reached XP level 4. HP: 26/26 MP: 5/5
  1666 | D:3      | HP: 5/26 [frozen (4)]
  1668 | D:3      | Killed from afar by an orc wizard

Levels and vault maps discovered:
D:1:      co_arrival_square_in_a_square_in_a_square, layout_rooms, minivault_11
D:2:      layout_basic, serial_shops, nicolae_diamond_shop, shop,
          nicolae_shop_just_a_little_nook, nicolae_shop_pleasant_corner_grove
D:3:      layout_basic, mainiacjoe_overflow_surrounded_room,
          serial_corexii_hall, corexii_hall_statues_l,
          chequers_hall_statues_corner_a, nicolae_concentric_dashed_squares_mild

Skill      XL: |  1  2 |
---------------+-------+-----
Ranged Weapons | 3 |  3.9
Fighting       | 2 |  2.0
Dodging        | |  1.5
Spellcasting   | |  1.0
Hexes          | |  2.6

Action                     |  1- 3 |  4- 6 || total
---------------------------+-------+-------++-------
   Fire: Sling             |    98 |     6 ||   104
    Use: Scroll            |     9 |       ||     9
         Potion            |     3 |       ||     3
 Armour: Robe              |     1 |       ||     1
         Ring mail         |    29 |     4 ||    33
  Dodge: Dodged            |    33 |     5 ||    38

Table legend:
 A = Non-vault XP
 B = Vault XP
 C = Vault XP percentage of total XP
 D = Non-vault monster count
 E = Vault monster count
 F = Vault count percentage of total count
                 A         B        C        D         E       F
            +---------+---------+-------+---------+---------+-------
      Total |      86 |       0 |   0.0 |      33 |       0 |   0.0
            +---------+---------+-------+---------+---------+-------
        D:1 |      21 |       0 |   0.0 |      11 |       0 |   0.0
        D:2 |      35 |       0 |   0.0 |      13 |       0 |   0.0
        D:3 |      30 |       0 |   0.0 |       9 |       0 |   0.0
            +---------+---------+-------+---------+---------+-------
